 Dungeon Crawl Stone Soup version 0.29.1-12-g30fa7ad0bf (webtiles) character file.

Game seed: 17685926826458036026

55 MisterFreud the Ducker (level 3, 0/25 HPs)
             Began as a Felid Berserker on Dec 28, 2022.
             Was a Follower of Trog.
             Succumbed to an adder's poison
             ... on level 2 of the Dungeon.
             The game lasted 00:01:42 (2153 turns).

MisterFreud the Ducker (Felid Berserker)            Turns: 2153, Time: 00:01:43

Health: 0/25       AC:  1    Str: 13    XL:     3   Next: 67%
Magic:  4/4        EV: 18    Int:  8    God:    Trog [*.....]
Gold:   20         SH:  0    Dex: 17    Spells: 2/2 levels left
                                        Lives:  0   Deaths: 0

rFire   . . .      SeeInvis +     - Unarmed
rCold   . . .      Faith    .   (shield unavailable)
rNeg    . . .      Spirit   .   (body armour unavailable)
rPois   .          Reflect  .   (helmet unavailable)
rElec   .          Harm     .   (cloak unavailable)
rCorr   .          Rampage  .   (gloves unavailable)
Will    .....                   (boots unavailable)
Stlth   ..........              (no amulet)
HPRegen 0.08/turn               (no ring)
MPRegen 0.09/turn               (no ring)

@: berserking, lethally poisoned (0 -> -8), very quick
A: very small, claws 1, fangs 3, see invisible, speed 1, shaggy fur 1, stealthy
paws, no weapons or thrown items, no armour, multi-lived
a: Renounce Religion, Berserk


You were on level 2 of the Dungeon.
You worshipped Trog.
Trog was aware of your devotion.
You visited 1 branch of the dungeon, and saw 2 of its levels.

You collected 110 gold pieces.
You spent 90 gold pieces at shops.

Inventory:

Scrolls
 b - a scroll of amnesia {unknown}
 f - a scroll of enchant armour {unknown}
 g - 3 scrolls of identify
 h - a scroll of blinking
Potions
 a - 3 potions of curing
 c - a potion of brilliance
 d - a potion of berserk rage {unknown}
 e - a potion of haste {unknown}


   Skills:
 - Level 3.0 Fighting
 - Level 4.0 Dodging
 + Level 3.4 Stealth
 + Level 3.9 Unarmed Combat


You had 2 spell levels left.
You didn't know any spells.
Your spell library was empty.

Dungeon Overview and Level Annotations

Branches:
Dungeon (2/15)

Altars:

Shops:
D:2 *


Innate Abilities, Weirdness & Mutations

You have sharp claws.
You have razor-sharp teeth.
You have supernaturally acute eyesight. (SInv)
You cover ground quickly. (Speed+)
You are covered in fur. (AC +1)
Your paws help you pounce on unaware monsters.
You are incapable of wielding weapons or throwing items.
You cannot wear armour.
You gain extra lives every three experience levels.


Message History

An adder is nearby!
An adder is nearby!
You open the door.
A worm comes into view.
The adder hisses angrily.
The adder misses you.
You closely miss the adder. The adder closely misses you. The adder bites you.
There are monsters nearby!
You scratch the adder.
The adder is moderately wounded.
The adder bites you.
You are poisoned.
The adder poisons you!
There are monsters nearby!
You scratch the adder.
The adder is heavily wounded.
You feel sick. The adder bites you.
You are more poisoned.
The adder poisons you!
You barely miss the adder. You bite the adder.
The adder is heavily wounded.
You feel sick. The adder bites you.
You are more poisoned.
The adder poisons you!
You are too injured to fight recklessly!
Okay, then.
A red film seems to cover your vision as you go berserk!
You feel yourself moving faster!
You feel mighty!
You feel sick. The adder bites you.
* * * LOW HITPOINT WARNING * * *
The adder bites you.
* * * LOW HITPOINT WARNING * * *
You scratch the adder. Your claw misses the adder.
The adder is almost dead.
* * * LOW HITPOINT WARNING * * *
You feel sick.
You barely miss the adder. You claw the adder.
You kill the adder!
Trog accepts your kill.
You die...

...
#..........#
..###
..........##.
......
...........
......
........# .
......
.....).##.
......
#.w.^......
......
#......##.#
......
+.@........
......
#......###
......
####....####
...... ..
+..'........
......
...####...#####
......
...####...#
......
..........#
......
..........#
......
.........#####.


You could see a worm.

Vanquished Creatures
  3 adders (D:2)
  A worm (D:2)
  A dart slug (D:2)
  An endoplasm (D:1)
  2 giant cockroaches (D:1)
  6 goblins (D:1)
  A hobgoblin (D:1)
  5 ball pythons
  2 bats (D:1)
  4 frilled lizards
  7 kobolds
  A rat (D:1)
34 creatures vanquished.

Notes
Turn   | Place    | Note
-------+----------+-------------------------------------------
     0 | D:1      | MisterFreud the Felid Berserker began the quest for the
                  | Orb.
     0 | D:1      | Reached XP level 1. HP: 10/10 MP: 2/2
   170 | D:1      | Reached skill level 1 in Stealth
   296 | D:1      | Reached XP level 2. HP: 7/14 MP: 3/3
   739 | D:1      | Found a faded altar of an unknown god.
  1368 | D:2      | Reached XP level 3. HP: 8/17 MP: 4/4
  1854 | D:2      | Found Docrorej's General Store.
  1860 | D:2      | Bought a scroll of blinking for 90 gold pieces
  2152 | D:2      | HP: 1/25 [poisoned by an adder]
  2153 | D:2      | Succumbed to an adder's poison

Illustrated notes

Levels and vault maps discovered:
D:1:      dpeg_arrival_leaves_temple_mockup, layout_basic,
          dreamdust_ecumenical_altar_hidden_monk_grotto
D:2:      kennysheep_big_flooded_room, layout_basic, serial_shops,
          nicolae_square_shop, minmay_diced_spiral

Skill      XL: |  1  2  3 |
---------------+----------+-----
Stealth        | 1 2 3 |  3.4
Fighting       | |  3.0
Dodging        | |  4.0
Unarmed Combat | |  3.9

Action                   || total
-------------------------++-------
Melee: Unarmed           ||    85
       Bite              ||     6
       Punch             ||     2
Invok: Berserk           ||     3
  Use: Scroll            ||     2
 Stab: Sleeping          ||     4
       Distracted        ||     1
Armor: Skin              ||     4
Dodge: Dodged            ||    55
